 Dungeon Crawl Stone Soup version 0.29-a0-90-gc37658a0fe (webtiles) character file.

Game seed: 1265709012652574604

54 lordive the Shooter (level 3, -10/30 HPs)
             Began as a Minotaur Hunter on Feb 7, 2022.
             Mangled by an ice beast (12 damage)
             ... on level 3 of the Dungeon.
             The game lasted 00:01:40 (1775 turns).

lordive the Shooter (Minotaur Hunter)               Turns: 1775, Time: 00:01:41

Health: -10/30     AC:  6    Str: 16    XL:     3   Next: 66%
Magic:  2/2        EV:  9    Int: 10    God:
Gold:   61         SH:  0    Dex: 10    Spells: 2/2 levels left

rFire   . . .      SeeInvis .   a - +1 shortbow
rCold   . . .      Faith    .   (shield currently unavailable)
rNeg    . . .      Spirit   .   k - +0 scale mail
rPois   .          Reflect  .   (helmet restricted)
rElec   .          Harm     .   (no cloak)
rCorr   .          Rampage  .   (no gloves)
Will    .....                   (no boots)
Stlth   ..........              (no amulet)
HPRegen 0.10/turn               (no ring)
MPRegen 0.08/turn               (no ring)

@: no status effects
A: horns 2, retaliatory headbutt
a: no special abilities


You were on level 3 of the Dungeon.
You visited 1 branch of the dungeon, and saw 3 of its levels.

You collected 61 gold pieces.

Inventory:

Hand Weapons
 a - a +1 shortbow (weapon)
 b - a +0 short sword
Missiles
 d - 95 arrows (quivered ammo)
 g - 20 bolts
Armour
 k - a +0 scale mail (worn)
Magical Staves
 j - a staff of earth
Scrolls
 f - a scroll of identify {unknown}
 h - a scroll of noise {unknown}
Potions
 c - a potion of invisibility {unknown}
 e - a potion of haste {unknown}
 i - a potion of curing {unknown}


   Skills:
 + Level 2.7 Fighting
 * Level 5.6 Bows
 + Level 1.0 Armour
 + Level 2.3 Dodging
 + Level 0.7 Stealth


You had 2 spell levels left.
You didn't know any spells.
Your spell library contained the following spells:

 Spells                   Type           Power      Damage    Failure   Level
 Sting                    Tmut/Pois      0%         1d3       80%         1
 Poisonous Vapours        Pois/Air       0%         N/A       91%         2
 Olgreb's Toxic Radiance  Pois           0%         N/A       100%        4


Dungeon Overview and Level Annotations

Branches:
Dungeon (3/15)

Altars:


Innate Abilities, Weirdness & Mutations

You have a pair of horns on your head.
You reflexively headbutt those who attack you in melee.


Message History

Fire: 103 arrows
Press: ? - help, Q - select action Shift-Dir - straight line, f - orc priest
Aim: an orc priest, wielding a +0 flail and wearing a +0 ring mail (64% to hit)
You shoot an arrow. The arrow hits the orc priest.
The orc priest is moderately wounded.
An orc comes into view. It is wielding a +0 short sword.
Fire: 102 arrows
Press: ? - help, Q - select action Shift-Dir - straight line, f/p - orc priest
Aim: an orc priest, wielding a +0 flail and wearing a +0 ring mail (moderately wounded, 64% to hit)
You shoot an arrow. The orc shouts!
The arrow hits the orc priest but does no damage.
The orc priest is moderately wounded.
You shoot an arrow. The arrow hits the orc priest!
The orc priest is severely wounded.
You shoot an arrow.
The arrow closely misses the orc priest.
The arrow barely misses the ice beast.
You shoot an arrow.
The arrow closely misses the orc priest.
The orc priest closely misses you. You furiously retaliate!
You headbutt the orc priest, but do no damage.
You shoot an arrow.
The arrow closely misses the orc priest.
The orc priest hits you with a +0 flail.
You shoot an arrow. The arrow hits the orc priest.
The orc priest is almost dead.
The ice beast barely misses you. You furiously retaliate!
You headbutt the ice beast!
The orc priest hits you with a +0 flail.
You shoot an arrow. The arrow hits the orc priest.
The orc priest is almost dead.
The ice beast hits you. The ice beast freezes you!
* * * LOW HITPOINT WARNING * * *
Unknown command.
Unknown command.
The ice beast hits you.
* * * LOW HITPOINT WARNING * * *
The ice beast freezes you!
You die...

.........#####
.#...........
............
........<..
..........
#.........
#...$.....
#o@.......
..((.oY.†..###.
.....o.....#
...###.......
(# #.........
.......#..
........ .
..........


You could see an ice beast, an orc priest and 2 orcs.

Vanquished Creatures
  2 adders (D:2)
  A dart slug (D:1)
  An endoplasm (D:1)
  2 giant cockroaches (D:1)
  7 goblins
  5 hobgoblins
  6 ball pythons
  2 bats
  A frilled lizard (D:1)
  3 kobolds (D:1)
  3 rats
33 creatures vanquished.

Notes
Turn   | Place    | Note
-------+----------+-------------------------------------------
     0 | D:1      | lordive the Minotaur Hunter began the quest for the Orb.
     0 | D:1      | Reached XP level 1. HP: 18/18 MP: 0/0
   263 | D:1      | Reached XP level 2. HP: 22/25 MP: 1/1
   273 | D:1      | Reached skill level 5 in Bows
   536 | D:1      | Found a faded altar of an unknown god.
  1032 | D:2      | Reached XP level 3. HP: 30/30 MP: 2/2
  1442 | D:2      | Reached skill level 1 in Armour
  1765 | D:3      | Noticed an ice beast
  1775 | D:3      | Mangled by an ice beast

Illustrated notes

Levels and vault maps discovered:
D:1:      dpeg_arrival_leaves_temple_mockup, layout_basic,
          chequers_ecumenical_altar_simple
D:2:      layout_basic
D:3:      layout_rooms

Skill      XL: |  1  2  3 |
---------------+----------+-----
Bows           | 5 |  5.6
Armour         | 1 |  1.0
Fighting       | |  2.7
Dodging        | |  2.3
Stealth        | |  0.7

Action                   || total
-------------------------++-------
Melee: Short sword       ||    46
       Headbutt          ||    14
       Staff             ||    30
       Punch             ||     2
 Fire: Shortbow          ||     9
Armor: Leather armour    ||    12
       Scale mail        ||    11
Dodge: Dodged            ||    53

Table legend: (Time is in decaauts)
 A = Elapsed time spent in this place.
 B = Non-inter-level travel time spent in this place.
 C = Inter-level travel time spent in this place.
 D = Time resting spent in this place.
 E = Time spent auto-exploring this place.
 F = Levels seen in this place.
 G = Mean time per level.
                   A        B        C        D        E       F      G
               +--------+--------+--------+--------+--------+-----+--------+
         Total |   1784 |   1700 |     84 |      0 |   1486 |   3 |  594.7 |
       Dungeon |   1784 |   1700 |     84 |      0 |   1486 |   3 |  594.7 |
               +--------+--------+--------+--------+--------+-----+--------+

Top non-repeatable levels by time:
     D:1: 949 daAuts
     D:2: 824 daAuts
     D:3: 9 daAuts
